 Dungeon Crawl Stone Soup version 0.28-a0-1568-g77cbbf62ba (webtiles) character file.

Game seed: 5200421621591625022

73381 Essalna the Geomancer (level 15, -12/105 HPs)
             Began as a Human Earth Elementalist on Jan 20, 2022.
             Was a High Priest of Hepliaklqana.
             Mangled by a reaper (22 damage)
             ... in an ice cave.
             The game lasted 01:05:53 (24799 turns).

Essalna the Geomancer (Human Earth Elementalist)   Turns: 24799, Time: 01:05:54

Health: -12/105    AC: 14    Str:  8    XL:     15   Next: 90%
Magic:  12/29      EV: 15    Int: 21    God:    Hepliaklqana [*****.]
Gold:   2246       SH:  0    Dex: 14    Spells: 13/34 levels left

rFire   + + .      SeeInvis .   Q - staff of earth
rCold   + . .      Faith    .   (no shield)
rNeg    . . .      Spirit   .   J - +2 troll leather armour {Snorg}
rPois   +          Reflect  .   v - +0 helmet
rElec   .          Harm     .   (no cloak)
rCorr   .          Rampage  .   N - +1 pair of gloves "Kocybig" {+Blink rPois rF++ Int-2}
Will    +....                   z - +2 pair of boots
Stlth   ++........              g - amulet of magic regeneration
HPRegen 1.07/turn               j - ring of wizardry
MPRegen 0.61/turn               k - ring of protection from cold

@: no status effects
A: reduced essence
a: Renounce Religion, Evoke Blink, Recall Ancestor, Ancestor Identity,
Transference, Idealise


You were in an ice cave.
You worshipped Hepliaklqana.
Hepliaklqana was extremely pleased with you.
You visited 3 branches of the dungeon, and saw 22 of its levels.
You also visited: Ice Cave.

You collected 2386 gold pieces.
You spent 140 gold pieces at shops.

Inventory:

Hand Weapons
 T - the +2 whip of Insomnia {vamp, *Rage Fly rN+++ Dex-5}
   (You found it on level 3 of the Lair of Beasts)

   It occasionally heals its wielder for a portion of the damage dealt when it
   wounds a living foe.
   Dex:       It affects your dexterity (-5).
   rN:        It renders you almost immune to negative energy.
   Fly:       It grants you flight.
   *Rage:     It berserks you when you make melee attacks (+20% chance).
Missiles
 c - 577 stones
Armour
 s - a +3 leather armour of cold resistance
 t - an orb of energy
 v - a +0 helmet (worn)
 z - a +2 pair of boots (worn)
 C - the -1 pair of gloves of Gaczin {rF+ Dex+9}
   (You acquired it on level 5 of the Lair of Beasts)

   Dex:       It affects your dexterity (+9).
   rF:        It protects you from fire.
 J - a +2 troll leather armour (worn) {Snorg}
 N - the +1 pair of gloves "Kocybig" (worn) {+Blink rPois rF++ Int-2}
   (You found it on level 10 of the Dungeon)

   Int:       It affects your intelligence (-2).
   rF:        It greatly protects you from fire.
   rPois:     It protects you from poison.
   +Blink:    It lets you blink.
Magical Staves
 r - a staff of conjuration
 A - a staff of cold
 Q - a staff of earth (weapon)
Jewellery
 b - a ring of willpower
 g - an amulet of magic regeneration (around neck)
 j - a ring of wizardry (left hand)
 k - a ring of protection from cold (right hand)
 H - a ring of positive energy
 O - a ring of flight
 P - a ring of resist corrosion
 W - a ring of magical power
 X - an amulet of regeneration
 Z - the ring "Neiz" {rF- EV+4 Int+5}
   (You took it off an orc on level 12 of the Dungeon)

   [ring of evasion]

   EV:        It affects your evasion (+4).
   Int:       It affects your intelligence (+5).
   rF:        It makes you vulnerable to fire.
Wands
 o - a wand of mindburst (8)
 R - a wand of iceblast (6)
 V - a wand of digging (11)
Scrolls
 i - 6 scrolls of identify
 m - 3 scrolls of immolation
 q - a scroll of amnesia
 u - 3 scrolls of brand weapon
 x - 2 scrolls of blinking
 y - 3 scrolls of enchant armour
 E - 5 scrolls of teleportation
 F - a scroll of fog
 G - a scroll of silence {unknown}
 I - a scroll of magic mapping
 K - 5 scrolls of fear {unknown}
 M - 2 scrolls of vulnerability {unknown}
 S - 2 scrolls of noise {unknown}
 Y - a scroll of holy word {unknown}
Potions
 a - 8 potions of flight
 d - 7 potions of mutation
 e - 5 potions of heal wounds
 f - a potion of resistance
 h - a potion of invisibility
 l - 2 potions of brilliance
 n - 3 potions of ambrosia
 p - 10 potions of curing
 w - 2 potions of might {unknown}
 B - 4 potions of berserk rage
 D - a potion of cancellation
 L - 2 potions of haste


   Skills:
 + Level 10.5 Fighting
 - Level 8.0 Armour
 - Level 8.4 Dodging
 - Level 2.0 Stealth
 + Level 10.4 Spellcasting
 + Level 11.0 Conjurations
 + Level 1.9 Summonings
 + Level 4.5 Necromancy
 - Level 4.1 Transmutations
 + Level 11.4 Earth Magic
 + Level 10.5 Evocations


You had 13 spell levels left.
You knew the following spells:

 Your Spells              Type           Power      Damage    Failure   Level
a - Sandblast             Erth           100%       2d20      1%          1
b - Stone Arrow           Conj/Erth      100%       3d13      1%          3
c - Passwall              Tmut/Erth      50%        N/A       1%          2
d - Sublimation of Blood  Necr           30%        N/A       1%          2
e - Iron Shot             Conj/Erth      36%        9d7       4%          6
f - Spellforged Servitor  Conj/Summ      19%        N/A       86%         7

Your spell library contained the following spells:

 Spells                   Type           Power      Damage    Failure   Level
 Animate Skeleton         Necr           60%        N/A       1%          1
 Beastly Appendage        Tmut           56%        N/A       1%          1
 Pain                     Necr           100%       1d9       1%          1
 Corpse Rot               Necr/Air       40%        N/A       1%          2
 Static Discharge         Conj/Air       34%        N/A       1%          2
 Wereblood                Tmut           28%        N/A       1%          2
 Conjure Flame            Conj/Fire      34%        6-21      1%          3
 Vampiric Draining        Necr           30%        2d8       1%          3
 Petrify                  Tmut/Erth      60%        N/A       1%          4
 Iskenderun's Battlesphe  Conj           55%        2d11      1%          5
 Sticky Flame             Conj/Fire      34%        2d5       3%          4
 Spider Form              Tmut/Pois      19%        N/A       4%          3
 Dispel Undead            Necr           30%        3d14      5%          4
 Ignite Poison            Fire/Tmut/Pois 16%        N/A       6%          3
 Death Channel            Necr           15%        N/A       58%         6
 Summon Hydra             Summ           9%         N/A       100%        7


Dungeon Overview and Level Annotations

Branches:
Dungeon (15/15)            Temple (1/1) D:6            Lair (6/6) D:11
 Shoals (0/4) Lair:2        Snake (0/4) Lair:2        Slime (0/5) Lair:5
    Orc (0/2) D:10         Vaults (0/5) D:13         Depths (0/4) D:15
  IceCv (1/1)

Altars:
Ashenzari
Cheibriados
Dithmenos
Elyvilon
Fedhas
Gozag
Hepliaklqana
Kikubaaqudgha
Makhleb
Nemelex Xobeh
Okawaru
Qazlal
Ru
Sif Muna
Trog
Uskayaw
Vehumet
Wu Jian
Xom
Yredelemnul
Zin
The Shining One
Beogh

Shops:
D:4 ((*[   D:6 [*!!(   D:7 ?   D:8 (

Annotations:
IceCv exclusion: 2 obsidian statues


Message History

Aiming: Iron Shot (dangerous; 4% risk of failure)
Press: ? - help, Shift-Dir - straight line, f - reaper
Aim: a reaper, wielding a +0 scythe of freezing (74% to hit)
You feel a surge of power!
The iron shot hits the reaper!!
The reaper is moderately wounded.
The reaper hits you from afar with a +0 scythe of freezing!!
The reaper freezes you.
Casting: Iron Shot (dangerous; 4% risk of failure)
Confirm with . or Enter, or press ? or * to list all spells.
Aiming: Iron Shot (dangerous; 4% risk of failure)
Press: ? - help, Shift-Dir - straight line, f/p - reaper
Aim: a reaper, wielding a +0 scythe of freezing (moderately wounded, ally target, 74% to hit)
You feel a surge of power! Wigmund avoids your attack.
The iron shot hits the reaper!!
The reaper is severely wounded.
Wigmund barely misses the reaper.
Wigmund hits the reaper with a +0 broad axe of flaming!
Wigmund burns the reaper.
The reaper hits you from afar with a +0 scythe of freezing!
The reaper freezes you.
The reaper hits you from afar with a +2 scythe of freezing!!!
* * * LOW HITPOINT WARNING * * *
The reaper freezes you!
* * * LOW HITPOINT WARNING * * *
Casting: Iron Shot (dangerous; 4% risk of failure)
Confirm with . or Enter, or press ? or * to list all spells.
Aiming: Iron Shot (dangerous; 4% risk of failure)
Press: ? - help, Shift-Dir - straight line, f/p - reaper
Aim: a reaper, wielding a +0 scythe of freezing (severely wounded, ally target, 74% to hit)
You feel a surge of power! Wigmund avoids your attack.
The iron shot hits the reaper!
The reaper is severely wounded.
Wigmund hits the reaper with a +0 broad axe of flaming!
Wigmund burns the reaper.
Wigmund hits the reaper with a +0 broad axe of flaming.
Wigmund burns the reaper.
The reaper hits you from afar with a +0 scythe of freezing!
* * * LOW HITPOINT WARNING * * *
The reaper hits you from afar with a +2 scythe of freezing!!
You die...

############
.........'.#
####'#####.#
.#.#.#.#.#.##
'#'#.#'#'#.8######
.........#.......#
.8.8.8.8.#.#####.#
.........#.#[.}#.##
.........'.#?⌠2R@⌠#
.........#.#).2#.##
.8.8.8.8.#.#####.#
.........#.......#
'#'#.#'#'#.8######
.#.#.#.#.#.##
####'#####.#
.........'.#
############


You could see the friendly Wigmund the knight and 2 reapers.

Vanquished Creatures
  Jorgrun (D:12)
  Snorg (D:14)
  Josephine (Lair:4)
  3 caustic shrike simulacra (IceCv)
  3 boulder beetles
  4 hydras
  2 ogre magi (D:13)
  3 vault guards (D:13)
  A centaur warrior (D:14)
  2 death knights
  Erica (D:8)
  3 two-headed ogres
  A tengu warrior (D:15)
  A death yak (D:11)
  Urug (Lair:4)
  Sonja (Lair:4)
  3 skeletal warriors (D:13)
  A goliath frog (Lair:6)
  A deep elf archer (D:13)
  A deep troll (D:15)
  A lindwurm (Lair:3)
  Pikel (D:5)
  3 deep elf pyromancers
  2 ugly things
  A cyclops (D:11)
  5 manticores
  4 black mambas
  2 gargoyles
  4 rime drakes
  12 cane toads
  A kobold demonologist (D:12)
  An efreet (D:13)
  8 komodo dragons
  4 golden dragon simulacra (IceCv)
  A yaktaur (D:13)
  4 freezing wraiths
  An entropy weaver simulacrum (IceCv)
  A troll (D:10)
  A hornet (D:10)
  5 meliai
  A merfolk (Lair:2)
  A polar bear (Lair:3)
  4 tyrant leeches (Lair:6)
  Grinder (D:4)
  9 slime creatures
  15 blink frogs
  2 jumping spiders (Lair:3)
  Sigmund (D:4)
  10 wraiths
  A shadow (D:11)
  12 yaks
  A dire elephant simulacrum (IceCv)
  2 redbacks (Lair:3)
  6 vampire mosquitoes
  A steam dragon (D:8)
  Menkaure (D:5)
  2 minotaur simulacra (IceCv)
  4 nagas (Lair:2)
  Duvessa (D:5)
  3 hydra simulacra (IceCv)
  A hornet zombie (D:6)
  14 water moccasins
  An ice beast (shapeshifter) (D:13)
  A sky beast (D:6)
  3 orc warriors
  An alligator simulacrum (IceCv)
  An ice beast (D:6)
  3 ogres
  3 black bears
  2 necrophages (D:6)
  A phantom (D:4)
  5 centaurs
  3 kobold brigands
  9 bullfrogs
  2 wyvern zombies (D:7)
  2 water moccasin zombies
  3 gnoll sergeants
  2 scorpions
  Dowan (D:5)
  A water moccasin skeleton (D:7)
  A howler monkey (D:10)
  An electric eel (Lair:4)
  4 lava snakes (Lair:3)
  2 centaur zombies
  A jelly (Lair:5)
  A bullfrog skeleton (D:6)
  A bullfrog zombie (D:5)
  2 hounds
  5 orc priests
  5 centaur skeletons
  Ijyb (D:3)
  6 hell rats
  4 iguanas
  8 orc wizards
  3 hound skeletons
  A mummy (D:4)
  A howler monkey zombie (D:10)
  A howler monkey skeleton (D:7)
  4 adders
  9 gnolls
  2 river rats (D:11)
  An ufetubus (D:5)
  A worm (D:2)
  4 dart slugs
  44 orcs
  A bat (D:3)
  4 endoplasms
  7 giant cockroaches
  15 goblins
  6 hobgoblins
  5 jackals
  10 kobolds
  7 quokkas
  4 ball pythons
  2 frilled lizards (D:3)
  5 rats
413 creatures vanquished.

Vanquished Creatures (collateral kills)
  2 vault guards (D:13)
  A boulder beetle (Lair:1)
  2 hydras
  2 death yaks (Lair:1)
  2 skeletal warriors (D:13)
  A bog body (IceCv)
  A spriggan simulacrum (IceCv)
  An elephant (Lair:5)
  2 centaur zombies (D:10)
  A merfolk siren (Lair:2)
  3 cane toads (Lair:6)
  2 unseen horrors
  A rime drake (Lair:4)
  4 komodo dragons
  A freezing wraith (IceCv)
  2 trolls
  5 blink frogs
  A shadow (D:12)
  2 wraiths
  A wyvern (Lair:5)
  A vampire (D:12)
  5 yaks
  3 vampire mosquitoes
  A minotaur simulacrum (IceCv)
  A redback (Lair:3)
  2 water moccasins (Lair:5)
  3 nagas (Lair:2)
  An acid dragon (D:9)
  3 ogres (D:10)
  2 centaurs (D:12)
  A kobold brigand (D:10)
  2 bullfrogs
  2 gnoll sergeants (D:10)
  An orc wizard (D:8)
  2 hell rats
  A gnoll (D:7)
  An orc (D:10)
69 creatures vanquished.

Vanquished Creatures (others)
  An ancestor (D:8)
  7 knights
  31 fungi
  88 plants
127 creatures vanquished.

Grand Total: 609 creatures vanquished

Notes
Turn   | Place    | Note
-------+----------+-------------------------------------------
     0 | D:1      | Essalna the Human Earth Elementalist began the quest for
                  | the Orb.
     0 | D:1      | Reached XP level 1. HP: 13/13 MP: 3/3
   260 | D:1      | Reached XP level 2. HP: 15/19 MP: 1/5
   580 | D:1      | Found a faded altar of an unknown god.
   690 | D:1      | Reached XP level 3. HP: 24/24 MP: 3/6
   694 | D:1      | Learned a level 3 spell: Stone Arrow
  1461 | D:2      | Reached skill level 1 in Conjurations
  1461 | D:2      | Reached XP level 4. HP: 27/30 MP: 5/8
  1997 | D:3      | Reached XP level 5. HP: 28/35 MP: 4/9
  2496 | D:3      | Noticed Ijyb
  2505 | D:3      | Paralysed by Ijyb for 7 turns
  2553 | D:3      | Killed Ijyb
  3059 | D:3      | Reached XP level 6. HP: 41/42 MP: 8/11
  3305 | D:4      | Reached skill level 1 in Fighting
  3305 | D:4      | Reached skill level 1 in Evocations
  3447 | D:4      | Found Vaimel's Antique Weapon Shop.
  3462 | D:4      | Found Acimpitzent's General Store.
  3667 | D:4      | Found Pyahaini's Armour Emporium.
  3830 | D:4      | Reached XP level 7. HP: 39/48 MP: 12/12
  3932 | D:4      | Noticed Sigmund
  3936 | D:4      | Noticed Grinder
  3938 | D:4      | Killed Sigmund
  3939 | D:4      | Reached skill level 1 in Armour
  3951 | D:4      | Paralysed by Grinder for 2 turns
  3967 | D:4      | Paralysed by Grinder for 6 turns
  4012 | D:4      | Killed Grinder
  4013 | D:4      | Reached skill level 5 in Earth Magic
  4013 | D:4      | Reached XP level 8. HP: 33/56 MP: 2/14
  4326 | D:4      | Found Nunu's Weapon Boutique.
  4503 | D:4      | Found a snail-covered altar of Cheibriados.
  4664 | D:5      | Entered Level 5 of the Dungeon
  4835 | D:5      | Noticed Duvessa
  4848 | D:5      | Killed Duvessa
  4857 | D:5      | Noticed Dowan
  4858 | D:5      | Noticed Menkaure
  4978 | D:5      | Killed Menkaure
  4980 | D:5      | Killed Dowan
  5219 | D:5      | Noticed Pikel
  5261 | D:6      | Found Fieraf's Distillery.
  5298 | D:6      | Learned a level 2 spell: Passwall
  5300 | D:6      | Found a staircase to the Ecumenical Temple.
  5309 | Temple   | Entered the Ecumenical Temple
  5562 | D:6      | Found Wiudiockaan's Antique Armour Emporium.
  5598 | D:6      | Reached XP level 9. HP: 52/64 MP: 5/16
  5628 | D:6      | Found a shadowy altar of Dithmenos.
  5633 | D:6      | Found a white marble altar of Elyvilon.
  5637 | D:6      | Found an iron altar of Okawaru.
  5637 | D:6      | Found a hazy altar of Hepliaklqana.
  5777 | D:6      | Found an ornate altar of the Wu Jian Council.
  5779 | D:6      | Became a worshipper of Hepliaklqana the Forgotten
  5849 | D:6      | Reached skill level 5 in Spellcasting
  6011 | D:6      | Found Noedosac's Assorted Antiques.
  6019 | D:6      | Bought a glowing brass amulet for 140 gold pieces
  6157 | D:6      | Found Kiucw's Distillery.
  6162 | D:6      | Found Kaoroso's Weapon Shop.
  6370 | D:5      | Killed Pikel
  6371 | D:5      | Reached skill level 5 in Conjurations
  6414 | D:5      | Reached XP level 10. HP: 73/73 MP: 9/18
  7099 | D:7      | Reached * piety under Hepliaklqana
  7285 | D:7      | Reached skill level 5 in Dodging
  7486 | D:7      | Found Gelaser's Magic Scroll Boutique.
  7717 | D:8      | Noticed a two-headed ogre
  7718 | D:8      | Noticed Erica
  7725 | D:8      | Killed a two-headed ogre
  7726 | D:8      | Reached skill level 5 in Fighting
  7726 | D:8      | Reached skill level 5 in Evocations
  7731 | D:8      | Killed Erica
  8025 | D:8      | Reached skill level 5 in Armour
  8060 | D:8      | Found Neynt's Antique Weapon Shoppe.
  8645 | D:8      | Reached ** piety under Hepliaklqana
  8646 | D:8      | Remembered your ancestor Wigmund as a knight
  8974 | D:9      | Reached XP level 11. HP: 53/72 MP: 17/20
  9094 | D:9      | Noticed a centaur warrior
  9103 | D:10     | Entered Level 10 of the Dungeon
 10026 | D:10     | Found a staircase to the Orcish Mines.
 10319 | D:10     | Identified the +1 pair of gloves "Kocybig" {+Blink rPois
                  | rF++ Int-2}
 10504 | D:11     | Noticed a manticore
 10511 | D:11     | Killed a manticore
 10880 | D:11     | Noticed a death yak
 10881 | D:11     | Noticed a death yak
 10881 | D:11     | Noticed a death yak
 10946 | D:11     | Noticed a cyclops
 10946 | D:11     | Found a staircase to the Lair.
 10950 | D:11     | Killed a cyclops
 10961 | D:11     | Noticed a boulder beetle
 10965 | Lair:1   | Entered Level 1 of the Lair of Beasts
 11080 | Lair:1   | Reached XP level 12. HP: 47/80 MP: 3/22
 11359 | Lair:1   | Noticed a five-headed hydra
 11364 | Lair:1   | Killed a five-headed hydra
 11821 | Lair:2   | Reached *** piety under Hepliaklqana
 12270 | Lair:2   | Found a staircase to the Snake Pit.
 12461 | Lair:2   | Found a staircase to the Shoals.
 12752 | Lair:3   | Noticed a four-headed hydra
 12755 | Lair:3   | Killed a four-headed hydra
 12838 | Lair:3   | Noticed a four-headed hydra
 12849 | Lair:3   | Killed a four-headed hydra
 12924 | Lair:3   | Noticed an eight-headed hydra
 12930 | Lair:3   | Killed an eight-headed hydra
 13365 | Lair:3   | Reached **** piety under Hepliaklqana
 13586 | Lair:3   | Found a runed translucent door.
 13714 | Lair:3   | Identified the +2 whip of Insomnia {vamp, *Rage Fly rN+++
                  | Dex-5}
 13717 | Lair:3   | Found a runed translucent gate.
 13717 | Lair:3   | Found a runed translucent gate.
 13717 | Lair:3   | Found a runed translucent gate.
 13717 | Lair:3   | Found a runed translucent gate.
 13717 | Lair:3   | Found a runed translucent gate.
 13717 | Lair:3   | Found a runed translucent gate.
 13717 | Lair:3   | Noticed a boulder beetle
 13740 | Lair:3   | Killed a boulder beetle
 13785 | Lair:3   | Reached XP level 13. HP: 33/86 MP: 15/24
 14172 | Lair:4   | Noticed a five-headed hydra
 14178 | Lair:4   | Killed a five-headed hydra
 14321 | Lair:4   | Noticed Sonja
 14327 | Lair:4   | Noticed Josephine
 14455 | Lair:5   | Found a staircase to the Slime Pits.
 14522 | Lair:4   | Noticed a five-headed hydra
 14837 | Lair:5   | Identified 3 scrolls of acquirement
 14837 | Lair:5   | Acquired the -1 pair of gloves of Gaczin {rF+ Dex+9}
 14923 | Lair:4   | Killed a five-headed hydra
 14947 | Lair:4   | Noticed Urug
 14957 | Lair:4   | Killed Urug
 15054 | Lair:4   | Killed Josephine
 15156 | Lair:4   | Killed Sonja
 15926 | Lair:5   | Reached ***** piety under Hepliaklqana
 16346 | Lair:5   | Learned a level 2 spell: Sublimation of Blood
 16380 | Lair:6   | Entered Level 6 of the Lair of Beasts
 16799 | Lair:6   | Reached XP level 14. HP: 70/95 MP: 3/26
 16966 | Lair:6   | Found a shimmering blue altar of Sif Muna.
 17105 | Lair:6   | Reached skill level 10 in Earth Magic
 19450 | D:12     | You fall into a shaft and drop 1 floor!
 19560 | D:12     | Reached skill level 10 in Conjurations
 19602 | D:12     | Identified the ring "Neiz" {rF- EV+4 Int+5}
 20190 | D:12     | Reached skill level 1 in Necromancy
 20289 | D:12     | Noticed Jorgrun
 20299 | D:12     | Killed Jorgrun
 20940 | D:13     | Reached XP level 15. HP: 73/103 MP: 22/28
 21798 | D:13     | Reached skill level 10 in Evocations
 21801 | D:13     | Reached skill level 10 in Fighting
 21839 | D:13     | Reached skill level 10 in Spellcasting
 21983 | D:13     | Found a gate to the Vaults.
 22973 | D:14     | Acquired 1152 gold pieces
 22977 | D:14     | Acquired a book of Power
 22990 | D:14     | Learned a level 6 spell: Iron Shot
 22998 | D:14     | Learned a level 7 spell: Spellforged Servitor
 23457 | D:14     | Noticed Snorg
 23463 | D:14     | Killed Snorg
 23960 | D:15     | Entered Level 15 of the Dungeon
 23999 | D:15     | Reached skill level 1 in Summonings
 24100 | D:15     | Found a frozen archway.
 24109 | IceCv    | Entered an ice cave
 24796 | IceCv    | Noticed a reaper
 24796 | IceCv    | Noticed a reaper
 24799 | IceCv    | Mangled by a reaper

Illustrated notes

Levels and vault maps discovered:
D:1:      saegor_arrival_fortress, layout_basic,
          hellmonk_ecumenical_altar_defaced_shrine, minmay_fountain_box,
          chequers_hall_statues_corner_a
D:2:      layout_basic, guppyfry_early_lair_pool
D:3:      kennysheep_goblin_castle, layout_basic, serial_corexii_hall,
          corexii_hall_statues_t, corexii_hall_statues_s,
          corexii_hall_statues_x, chequers_hall_statues_corner_a,
          corexii_hall_statues_i, corexii_hall_statues_s
D:4:      layout_loops_ring, slow_altar_1, serial_shops, shop,
          nicolae_stop_n_shop_2, kennysheep_mini, shop, corexii_hall_statues_x,
          uniq_sigmund, uniq_grinder
D:5:      layout_basic, serial_rivers, chequers_serial_rivers_room_a,
          chequers_serial_rivers_micro_a, chequers_serial_rivers_large_a,
          chequers_serial_rivers_marsh, chequers_serial_rivers_large_b,
          uniq_menkaure, uniq_pikel, uniq_duvessa
D:6:      layout_rooms, nicolae_overflow_hallway_of_the_gods, temple_hall,
          serial_shops, shop, nicolae_shop_overgrown_old_shop, shop_statue,
          nicolae_shop_bloodbath_and_beyond, nicolae_shop_trees, enter_ossuary_2
D:7:      layout_cave_pools, serial_shops, nicolae_shop_statue_plus,
          hangedman_abyss_or_decor_stabs
D:8:      layout_layer_cave, serial_shops, nicolae_diamond_shop, uniq_erica
D:9:      layout_rooms, jiyva_altar_1
D:10:     layout_loops_ring, kennysheep_orc_monster_closet_entryway
D:11:     layout_loops_ring, dpeg_lair_monsters
D:12:     layout_loops_ring, uniq_jorgrun
D:13:     layout_loops_ring, grunt_vaults_entry_fortified
D:14:     layout_gridville, uniq_snorg
D:15:     hangedman_depths_entry_civil_slaughter, layout_basic,
          nicolae_twisting_strands, portal_ice_cave_entry_pillars_2
Temple:   eino_temple_rhombus
Lair:1:   layout_cave_shapes
Lair:2:   layout_chaotic_city, elwin_shoals_entry_rooms,
          minmay_snake_entry_guardpost_large
Lair:3:   gammafunk_indiana_jones, layout_concentric_octagons,
          nicolae_quartered_pool_little
Lair:4:   layout_gridlike, serial_bayou_shore_a, lemuel_fruit_tree,
          grunt_megastairs_3, infiniplex_staircase_pool_2, uniq_urug,
          uniq_josephine, uniq_sonja
Lair:5:   layout_roguey, minmay_slime_entry_pillars, beast_lair_carwin_8
Lair:6:   minmay_lair_end_frog_pond, layout_regular_city, basic_altar
IceCv:    ice_cave_tombish

Skill      XL: |  1  2  3  4  5  6  7  8  9 10 11 12 13 14 15 |
---------------+----------------------------------------------+-----
Conjurations   | 1 2 3 4 5 6 7 8 9 10 11 | 11.0
Spellcasting   | 3 4 5 6 7 8 9 10 | 10.4
Earth Magic    | 4 5 6 7 8 9 10 11 | 11.4
Fighting       | 1 2 3 4 5 6 7 8 9 10 | 10.5
Evocations     | 1 2 3 4 5 6 7 8 9 10 | 10.5
Armour         | 1 2 3 5 6 7 8 |  8.0
Dodging        | 3 4 5 6 7 8 |  8.4
Transmutations | 2 4 |  4.1
Necromancy     | 2 4 |  4.5
Summonings     | 1 |  1.9
Stealth        | |  2.0

Action                   |  1- 3 |  4- 6 |  7- 9 | 10-12 | 13-15 || total
-------------------------+-------+-------+-------+-------+-------++-------
Melee: Unarmed           |     1 |       |       |       |       ||     1
       Dagger            |       |    27 |       |       |       ||    27
       Staff             |       |     8 |    29 |    14 |    16 ||    67
 Cast: Sandblast         |    42 |    93 |    43 |    54 |    28 ||   260
       Stone Arrow       |       |       |    68 |   233 |   555 ||   856
       Sublimation of Bl |       |       |       |       |     2 ||     2
       Iron Shot         |       |       |       |       |    24 ||    24
Invok: Ancestor Life: Kn |       |       |       |     1 |       ||     1
       Recall Ancestor   |       |       |       |     1 |       ||     1
 Abil: Evoke Blink       |       |       |       |       |     1 ||     1
  Use: Potion            |       |     1 |     1 |       |       ||     2
       Scroll            |       |       |    15 |       |    16 ||    31
Armor: Robe              |     1 |    11 |       |       |       ||    12
       Leather armour    |       |    20 |    32 |    32 |    73 ||   157
       Troll leather arm |       |       |       |       |    16 ||    16
Dodge: Dodged            |     4 |    31 |    39 |    57 |   217 ||   348

Table legend: (Time is in decaauts)
 A = Elapsed time spent in this place.
 B = Non-inter-level travel time spent in this place.
 C = Inter-level travel time spent in this place.
 D = Time resting spent in this place.
 E = Time spent auto-exploring this place.
 F = Levels seen in this place.
 G = Mean time per level.
                   A        B        C        D        E       F      G
               +--------+--------+--------+--------+--------+-----+--------+
         Total |  24954 |  23872 |   1082 |    308 |  20079 |  23 | 1085.0 |
       Dungeon |  16342 |  15697 |    645 |    180 |  13214 |  15 | 1089.5 |
        Temple |    173 |     90 |     83 |      0 |     89 |   1 |  173.0 |
          Lair |   7748 |   7395 |    353 |    128 |   6232 |   6 | 1291.3 |
      Ice Cave |    690 |    690 |      0 |      0 |    543 |   1 |  690.0 |
               +--------+--------+--------+--------+--------+-----+--------+

Top non-repeatable levels by time:
    D:13: 2177 daAuts
     D:3: 1527 daAuts
    D:14: 1483 daAuts
  Lair:3: 1479 daAuts
  Lair:5: 1413 daAuts
    D:10: 1379 daAuts
    D:12: 1315 daAuts
  Lair:6: 1312 daAuts
     D:8: 1305 daAuts
     D:4: 1289 daAuts
     D:5: 1277 daAuts
  Lair:4: 1273 daAuts
  Lair:1: 1241 daAuts
     D:1: 1126 daAuts
  Lair:2: 1027 daAuts
